Cogmind - Beta 9 *** ADVENTURER MODE // 2019.10.24 @ 21:27:51 Player: chandlerman Result: Core destroyed Performance ------------- Evolutions (4) 2000 Regions Visited (12) 2400 Robots Destroyed (120) 600 Value Destroyed (4017) 4017 Prototype IDs (7) 140 Alien Tech Used (0) 0 Bonus (390) 390 TOTAL SCORE: 9547 Bonus ------- High Alert Combat Kills 36 Follower Combat Kills 785 Friendly Fire -431 Cogmind --------- Core Integrity 0/850 Matter 434/550 Energy 261/310 System Corruption 2% Temperature Cool (595) Location -6/Hub_04(d) Parts ------- Power (3) Micro Fission Core Micro Fission Core Micro Fission Core Propulsion (3) Improved Treads Centrium Heavy Treads Utility (6) Medium Storage Unit Matter Compressor Improved Medium Armor Plating Improved Medium Armor Plating Integration Mediator Weapon (3) Wave Gun Phase Cannon KE Penetrator Inventory (8) Centrium Heavy Treads Beamcaster Wave Gun Improved KE Penetrator Peak State ------------ Power Light Angular Momentum Engine Antimatter Reactor Antimatter Reactor Propulsion Improved Medium Treads Improved Medium Treads Improved Medium Treads Utility Advanced Heat Sink Improved Cooling System Medium Storage Unit Force Field System Shield System Restoration Module Weapon Nova Cannon Gauss Cannon Magnetic Acceleration Cannon Inventory Light Nuclear Core Power Amplifier Matter Compressor Integration Mediator Coil Gun Gauss Cannon [Rating: 77] Favorites ----------- Power Light Angular Momentum Engine Engine Light Angular Momentum Engine Power Core Light Nuclear Core Reactor Antimatter Reactor Propulsion Compact Wheel Treads Improved Medium Treads Wheel Compact Wheel Flight Unit Cesium-ion Thruster Utility Medium Storage Unit Device Improved Heat Sink Storage Medium Storage Unit Processor Advanced Targeting Computer Hackware System Shield Protection Weapon Shielding Weapon Gauss Cannon Energy Gun Heavy EM Pulse Gun Energy Cannon Heavy Particle Cannon Ballistic Gun Assault Rifle Ballistic Cannon Gauss Cannon Launcher Grenade Launcher Build | -11 -10 -10 -9 -8 -7 -6 -6 -6 -6 -6 -6 -6 ------- Run | Scr Mat Min Mat Mat Fac Fac Was Fac Ext Cet Arc Hub Slots Evolved 8 | . . . 2 2 2 2 . . . . . . Power 2 | . . . 1 . . 1 . . . . . . Propulsion 1 | . . . . . 1 . . . . . . . Utility 4 | . . . 1 1 1 1 . . . . . . Weapon 1 | . . . . 1 . . . . . . . . Parts Attached 119 | 6 6 1 5 32 7 18 7 1 13 10 11 2 Power 22 | 2 . . 2 3 1 4 3 . 1 3 3 . Engine 12 | 2 . . 2 2 1 3 . . 1 1 . . Core 6 | . . . . 1 . 1 . . . 1 3 . Reactor 4 | . . . . . . . 3 . . 1 . . Propulsion 22 | 2 . 1 1 7 1 3 . . 4 . 3 . Treads 6 | . . . . . . . . . 3 . 3 . Leg . | . . . . . . . . . . . . . Wheel 14 | 2 . 1 1 5 1 3 . . 1 . . . Hover . | . . . . . . . . . . . . . Flight 2 | . . . . 2 . . . . . . . . Utility 30 | 1 2 . 1 6 2 5 2 1 4 4 2 . Device 21 | . 1 . 1 3 1 5 2 1 4 3 . . Storage 3 | 1 . . . . 1 . . . . 1 . . Processor 1 | . . . . 1 . . . . . . . . Hackware 1 | . . . . 1 . . . . . . . . Protection 4 | . 1 . . 1 . . . . . . 2 . Artifact . | . . . . . . . . . . . . . Weapon 45 | 1 4 . 1 16 3 6 2 . 4 3 3 2 Energy Gun 16 | . . . 1 10 1 2 . . . . 2 . Energy Cannon 6 | . . . . 1 1 . 1 . 1 1 . 1 Ballistic Gun 15 | 1 4 . . 4 1 2 . . . 1 1 1 Ballistic Cannon 7 | . . . . . . 2 1 . 3 1 . . Launcher 1 | . . . . 1 . . . . . . . . Special Weapon . | . . . . . . . . . . . . . Impact Weapon . | . . . . . . . . . . . . . Slashing Weapon . | . . . . . . . . . . . . . Piercing Weapon . | . . . . . . . . . . . . . Special Melee Weapon . | . . . . . . . . . . . . . Unidentified Prototypes 2 | . . . . . . . . . . . 2 . Parts Lost 55 | . . . 3 18 2 6 . . 6 15 4 1 Power 13 | . . . 2 1 1 2 . . 1 6 . . Propulsion 10 | . . . 1 4 . 1 . . 1 1 2 . Utility 14 | . . . . 3 . 2 . . 3 5 1 . Weapon 18 | . . . . 10 1 1 . . 1 3 1 1 Highest Loss Streak 9 | . . . 2 9 1 2 . . 4 7 4 1 Average Slot Usage (%) 87 | . 95 100 92 69 96 90 92 93 94 84 71 84 Engine 7 | . 14 14 18 6 7 12 10 . 3 5 . . Core 3 | . . . . . 7 6 . . . . 12 20 Reactor 4 | . . . . . . . 9 20 15 4 . . Treads 4 | . . . . . . . . . 9 19 10 13 Wheel 11 | . 28 28 18 10 20 11 13 13 6 . . . Device 16 | . 7 . 11 13 15 19 20 20 22 22 8 6 Storage 8 | . 14 14 11 9 7 6 6 6 6 6 13 13 Processor 2 | . . . . 1 7 6 6 6 2 . . . Hackware 3 | . . . . 1 7 6 6 6 6 3 . . Protection 2 | . 3 14 11 5 . . . . . . 6 13 Energy Gun 3 | . . . 4 15 3 1 . . . . 3 6 Energy Cannon 1 | . . . . . 6 1 3 6 2 . . . Ballistic Gun 8 | . 26 28 17 3 10 10 6 . . 4 13 11 Ballistic Cannon 5 | . . . . . . 5 9 13 17 12 2 . Naked Turns . | . . . . . . . . . . . . . Heaviest Build 98 | 10 14 14 19 30 35 57 92 92 98 89 60 60 Greatest Support 110 | 32 32 32 32 32 48 48 44 44 90 90 110 103 Greatest Overweight (x) 7 | . . . . 7 1 2 2 2 4 . . . Average Overweight (x) . | . . . . 1 . 1 1 2 1 . . . Largest Inventory Capacity 8 | 6 6 6 6 6 8 8 8 8 8 8 8 8 Average Capacity 7 | 5 6 6 6 6 7 8 8 8 8 8 8 8 Most Carried 8 | 3 5 6 6 6 8 8 8 8 8 8 7 6 Average Carried 5 | 2 3 5 4 4 6 6 7 7 6 6 4 5 Final Capacity 8 | . . . . . . . . . . . . 8 Final Carried 5 | . . . . . . . . . . . . 5 Class Distribution -------------------- 29% | Scavenger-Gunner 24% | Mutant 15% | Generator-Tank 7% | Scavenger-Tank 6% | Scavenger-Mutant 6% | Generator-Gunner 5% | Tank 3% | Gunner Dominant Class ---------------- Mutant | -10/Materials Mutant | -10/Mines Mutant | -9/Materials Mutant | -8/Materials Scavenger-Gunner | -7/Factory Scavenger-Gunner | -6/Factory Scavenger-Gunner | -6/Waste Scavenger-Gunner | -6/Factory Generator-Tank | -6/Extension Tank | -6/Cetus Scavenger-Tank | -6/Archives Scavenger-Mutant | -6/Hub_04(d) Resources | -11 -10 -10 -9 -8 -7 -6 -6 -6 -6 -6 -6 -6 ----------- Run | Scr Mat Min Mat Mat Fac Fac Was Fac Ext Cet Arc Hub Matter Collected 3726 | 147 129 115 298 344 158 655 573 34 545 533 195 . Remotely . | . . . . . . . . . . . . . Salvage Created 5089 | . 117 47 640 1171 587 1490 . 98 213 332 252 142 Parts 260 | . 15 7 47 55 32 55 . 7 13 16 10 3 Haulers Intercepted 3 | . . . 1 . 1 1 . . . . . . Recyclers Shooed 7 | . . . 1 . 2 4 . . . . . . Parts Field Recycled . | . . . . . . . . . . . . . Retrieved Matter . | . . . . . . . . . . . . . Parts Self-Destructed . | . . . . . . . . . . . . . Prevented . | . . . . . . . . . . . . . Kills | -11 -10 -10 -9 -8 -7 -6 -6 -6 -6 -6 -6 -6 ------- Run | Scr Mat Min Mat Mat Fac Fac Was Fac Ext Cet Arc Hub Combat Hostiles Destroyed 78 | . 4 3 12 17 6 14 . 1 6 9 4 2 Guns 50 | . 4 3 12 11 4 10 . . . 2 2 2 Cannons 23 | . . . . 1 2 4 . 1 6 7 2 . AOE 3 | . . . . 3 . . . . . . . . Classes Destroyed 13 | . 3 . 5 2 2 1 . . . . . . Worker 10 | . . . 2 1 1 5 . 1 . . . . Builder 5 | . . . 1 . . 2 . . 2 . . . Tunneler 2 | . . . . 1 . 1 . . . . . . Hauler 3 | . . . 1 . 1 1 . . . . . . Recycler 9 | . . . 1 2 2 4 . . . . . . Mechanic 1 | . . . . . 1 . . . . . . . Operator 1 | . . . . . 1 . . . . . . . Watcher 10 | . 1 . 3 1 . 2 . . 1 2 . . Swarmer 13 | . 2 3 4 . . . . . 1 3 . . Grunt 44 | . 2 . 7 13 5 11 . . 3 3 . . Brawler 2 | . . . . 1 . . . 1 . . . . Sentry 14 | . . . 1 3 1 1 . . 2 . 4 2 Programmer 2 | . . . . . . 2 . . . . . . Cetus Guard 3 | . . . . . . . . . . 3 . . Wasp 1 | . . . . . . . . 1 . . . . Best Kill Streak 10 | . 5 3 6 6 10 9 . 2 5 6 3 2 Combat Bots Only 6 | . 4 3 4 3 2 2 . 1 3 6 3 2 Max Kills in Single Turn 3 | . 2 2 2 2 2 3 . 2 1 1 1 1 Gunslinging 1 | . 1 1 . . . . . . . . . . Exploded 2 | . . . . 2 . . . . . . . . Melee . | . . . . . . . . . . . . . Uniques/NPCs Destroyed . | . . . . . . . . . . . . . Combat | -11 -10 -10 -9 -8 -7 -6 -6 -6 -6 -6 -6 -6 -------- Run | Scr Mat Min Mat Mat Fac Fac Was Fac Ext Cet Arc Hub Damage Taken 6535 | . 301 58 445 1344 210 865 . . 770 1650 287 605 Core 1349 | . 85 13 89 269 40 82 . . 144 221 38 368 Absorbed by Shields 962 | . . . . . . 109 . . 550 303 . . Core Remaining (%) 76 | 100 . 60 77 51 94 . . . . . . . Volleys Fired 311 | . 10 4 47 65 24 67 . 2 29 36 15 12 Largest 3 | . 2 2 2 3 3 3 . 3 3 3 3 3 Hottest 214 | . 40 40 65 145 148 178 . 209 214 214 113 146 Shots Fired 756 | . 20 8 94 112 66 198 . 6 84 104 43 21 Gun 472 | . 20 8 94 106 42 126 . . . 26 30 20 Cannon 282 | . . . . 4 24 72 . 6 84 78 13 1 Launcher 2 | . . . . 2 . . . . . . . . Special . | . . . . . . . . . . . . . Kinetic 554 | . 20 8 80 28 30 158 . 4 72 96 43 15 Thermal 109 | . . . . 17 24 40 . 2 12 8 . 6 Explosive 2 | . . . . 2 . . . . . . . . Electromagnetic 91 | . . . 14 65 12 . . . . . . . Robot Hit Streak 38 | . 9 4 13 28 24 38 . 11 13 33 32 27 Robot Miss Streak 5 | . 2 1 2 2 2 5 . . 3 3 1 1 Penetration Max 1 | . . . . . . 1 . 1 1 1 1 1 Secondary Targets 10 | . 1 2 4 3 . . . . . . . . Max Gunslinging Chain 1 | . 1 1 1 1 . . . . . . . . Shots Hit Robots 571 | . 17 6 74 96 40 146 . 3 57 74 39 19 Core Hits 249 | . 7 3 30 39 22 78 . 4 18 28 15 5 Critical Hits 27 | . . . . . 1 7 . . 9 4 4 2 Critical Kills 6 | . . . . . . 4 . . 1 1 . . Critical Parts Destroyed 19 | . . . . . 1 3 . . 7 3 3 2 Melee Attacks . | . . . . . . . . . . . . . Impact . | . . . . . . . . . . . . . Slashing . | . . . . . . . . . . . . . Piercing . | . . . . . . . . . . . . . Sneak Attacks . | . . . . . . . . . . . . . Combat Hostiles . | . . . . . . . . . . . . . Follow-up Attacks . | . . . . . . . . . . . . . Damage Inflicted 13041 | . 216 54 759 1798 891 3579 . 215 1900 2098 1022 509 Guns 6773 | . 216 54 759 1478 416 2202 . . . 500 670 478 Cannons 6020 | . . . . 80 475 1369 . 215 1900 1598 352 31 Explosions 240 | . . . . 240 . . . . . . . . Melee . | . . . . . . . . . . . . . Ramming 8 | . . . . . . 8 . . . . . . Kinetic 9109 | . 216 54 668 288 237 2769 . 131 1560 1782 1022 382 Thermal 2576 | . . . . 432 475 802 . 84 340 316 . 127 Explosive 52 | . . . . 52 . . . . . . . . Electromagnetic 1296 | . . . 91 1026 179 . . . . . . . Impact . | . . . . . . . . . . . . . Slashing . | . . . . . . . . . . . . . Piercing . | . . . . . . . . . . . . . Highest Corruption 10 | . . . 1 . . . . . 10 4 2 2 Average Corruption 3 | . . . 1 . . . . . 6 2 2 2 Corruption Purged 8 | . . . . . . . . . 6 2 . . Effects 21 | . . . 1 . . . . . 12 5 3 . Message Errors 5 | . . . . . . . . . 4 . 1 . Matter Fused 1 | . . . . . . . . . 1 . . . Heat Flow Errors 4 | . . . . . . . . . 3 1 . . Energy Discharges 5 | . . . 1 . . . . . 1 1 2 . Data Loss (minor) 2 | . . . . . . . . . 1 1 . . Misfires 1 | . . . . . . . . . 1 . . . Targeting Errors 3 | . . . . . . . . . 1 2 . . Overload Shots . | . . . . . . . . . . . . . Overflow Damage 52 | . . . . 4 20 17 . . 5 6 . . Projectiles 48 | . . . . . 20 17 . . 5 6 . . Explosions 4 | . . . . 4 . . . . . . . . Melee . | . . . . . . . . . . . . . Knockbacks 36 | . . . . . . 13 . 3 17 1 2 . Impact . | . . . . . . . . . . . . . Kinetic 35 | . . . . . . 13 . 3 16 1 2 . Secondary 1 | . . . . . . . . . 1 . . . Self-Inflicted Damage 45 | . . . . 41 . 4 . . . . . . Shots 1 | . . . . 1 . . . . . . . . Rammed 1 | . . . . . . 1 . . . . . . Targets Rammed 1 | . . . . . . 1 . . . . . . Kicked . | . . . . . . . . . . . . . Crushed . | . . . . . . . . . . . . . Highest Temperature 595 | . 12 6 67 296 200 552 . 54 526 308 64 595 Average Temperature 109 | . 4 6 26 90 61 128 . 27 144 78 36 339 Received Heat Transfer 2197 | . 126 . 240 864 96 398 . . 164 120 54 135 Effects 31 | . . . . 1 . 9 . . 5 . . 16 Shutdowns 10 | . . . . . . 3 . . 2 . . 5 Energy Bleed 2 | . . . . . . 2 . . . . . . Interference 5 | . . . . 1 . . . . 2 . . 2 Matter Decay 1 | . . . . . . . . . . . . 1 Short Circuit 4 | . . . . . . 1 . . 1 . . 2 Damage (minor) 1 | . . . . . . . . . . . . 1 Damage (major) 6 | . . . . . . 3 . . . . . 3 Damage (core) 2 | . . . . . . . . . . . . 2 Siege Activations . | . . . . . . . . . . . . . Robots Corrupted 2 | . . . . 2 . . . . . . . . Combat Hostiles 2 | . . . . 2 . . . . . . . . Parts Fried 5 | . . . 1 4 . . . . . . . . Impact Corruptions . | . . . . . . . . . . . . . Robots Melted . | . . . . . . . . . . . . . Combat Hostiles . | . . . . . . . . . . . . . Parts Melted 8 | . . . . 1 . 7 . . . . . . Heat Transferred 3752 | . . . . 756 703 1442 . 74 296 296 . 185 Parts Sabotaged . | . . . . . . . . . . . . . Parts Stolen . | . . . . . . . . . . . . . Parts Stripped . | . . . . . . . . . . . . . Power Chain Reactions 2 | . . . . 2 . . . . . . . . Missiles Intercepted . | . . . . . . . . . . . . . Alert | -11 -10 -10 -9 -8 -7 -6 -6 -6 -6 -6 -6 -6 ------- Run | Scr Mat Min Mat Mat Fac Fac Was Fac Ext Cet Arc Hub Peak Influence 525 | . 113 121 351 268 264 383 53 96 525 292 199 141 Average Influence 196 | . 77 117 239 185 190 227 53 54 315 209 166 98 Maximum Alert Level 2 | . . . 1 1 1 1 . . 2 1 . . Low Security (%) 56 | . . . . . . . . . . . . . Level 1 37 | . . . . . . . . . . . . . Level 2 6 | . . . . . . . . . . . . . Level 3 . | . . . . . . . . . . . . . Level 4 . | . . . . . . . . . . . . . Level 5 . | . . . . . . . . . . . . . High Security . | . . . . . . . . . . . . . Max Security . | . . . . . . . . . . . . . Squads Dispatched 17 | . 1 . 1 3 . 6 . 1 4 . . 1 Investigation 5 | . 1 . 1 2 . . . 1 . . . . Extermination 1 | . . . . . . 1 . . . . . . Reinforcement 11 | . . . . 1 . 5 . . 4 . . 1 Assault . | . . . . . . . . . . . . . Garrison . | . . . . . . . . . . . . . Intercept . | . . . . . . . . . . . . . Construction Impeded 2 | . . . . . . 1 . . 1 . . . Haulers Reinforced 2 | . . . . . . 2 . . . . . . Stealth | -11 -10 -10 -9 -8 -7 -6 -6 -6 -6 -6 -6 -6 --------- Run | Scr Mat Min Mat Mat Fac Fac Was Fac Ext Cet Arc Hub Distress Signals 10 | . 1 . 1 2 . . . . 3 2 . 1 Communications Jammed . | . . . . . . . . . . . . . Distress Signals . | . . . . . . . . . . . . . Times Spotted 143 | . 6 3 17 27 10 25 . 3 23 14 10 5 Peak Tracking Total 7 | . 6 3 5 7 2 4 . 3 5 6 1 4 Tactical Retreats 8 | . . . 2 2 1 2 . . 1 . . . Traps | -11 -10 -10 -9 -8 -7 -6 -6 -6 -6 -6 -6 -6 ------- Run | Scr Mat Min Mat Mat Fac Fac Was Fac Ext Cet Arc Hub Traps Triggered 6 | . . . . 2 . 2 . 1 1 . . . Indirectly . | . . . . . . . . . . . . . Trap Hack Attempts . | . . . . . . . . . . . . . Triggered . | . . . . . . . . . . . . . Disarmed . | . . . . . . . . . . . . . Reprogrammed . | . . . . . . . . . . . . . Reused . | . . . . . . . . . . . . . Traps Extracted . | . . . . . . . . . . . . . Installed . | . . . . . . . . . . . . . Triggered . | . . . . . . . . . . . . . Machines | -11 -10 -10 -9 -8 -7 -6 -6 -6 -6 -6 -6 -6 ---------- Run | Scr Mat Min Mat Mat Fac Fac Was Fac Ext Cet Arc Hub Machines Disabled 8 | . . . 1 . . 1 . . 2 . 2 2 Max in Single Turn 1 | . . . 1 . . 1 . . . . 1 1 Machines Sabotaged . | . . . . . . . . . . . . . Garrisons Compromised . | . . . . . . . . . . . . . Overloaded Fab Kills . | . . . . . . . . . . . . . Fab Network Shutdowns . | . . . . . . . . . . . . . Hacking | -11 -10 -10 -9 -8 -7 -6 -6 -6 -6 -6 -6 -6 --------- Run | Scr Mat Min Mat Mat Fac Fac Was Fac Ext Cet Arc Hub Machines Accessed 18 | . 2 . 3 1 2 5 . 1 2 1 1 . Terminals 12 | . 2 . 1 1 2 2 . 1 2 1 . . Fabricators 1 | . . . . . . 1 . . . . . . Repair Stations 1 | . . . . . . 1 . . . . . . Recycling Units 1 | . . . 1 . . . . . . . . . Scanalyzers 2 | . . . 1 . . 1 . . . . . . Garrison Access . | . . . . . . . . . . . . . Total Hacks 57 | . 5 . 10 3 9 23 . 2 2 2 1 . Successful 44 | . 4 . 7 . 7 20 . 2 2 1 1 . Failed 13 | . 1 . 3 3 2 3 . . . 1 . . Catastrophic 1 | . . . . . . 1 . . . . . . Database Lockouts . | . . . . . . . . . . . . . Manual . | . . . . . . . . . . . . . Terminals 33 | . 5 . 4 3 9 6 . 2 2 2 . . Fabricators 2 | . . . . . . 2 . . . . . . Repair Stations 1 | . . . . . . 1 . . . . . . Recycling Units 3 | . . . 3 . . . . . . . . . Scanalyzers 17 | . . . 3 . . 14 . . . . . . Garrison Access . | . . . . . . . . . . . . . Terminal Hacks 24 | . 4 . 3 . 7 4 . 2 2 1 1 . Record 7 | . . . 1 . 3 1 . . 1 . 1 . Part Schematic 2 | . . . . . 1 1 . . . . . . Robot Schematic 1 | . . . . . . 1 . . . . . . Robot Analysis 1 | . 1 . . . . . . . . . . . Prototype ID Bank 2 | . . . 1 . . 1 . . . . . . Open Door 2 | . . . . . . . . . 1 1 . . Branch Access Points 1 | . . . 1 . . . . . . . . . Emergency Access Points 1 | . 1 . . . . . . . . . . . Repair Station Index 1 | . . . . . 1 . . . . . . . Recycling Unit Index 1 | . . . . . 1 . . . . . . . Scanalyzer Index 1 | . . . . . . . . 1 . . . . Locate Traps 1 | . . . . . 1 . . . . . . . Transport Status 1 | . 1 . . . . . . . . . . . Hauler Manifests 1 | . 1 . . . . . . . . . . . Zone Layout 1 | . . . . . . . . 1 . . . . Fabricator Hacks 2 | . . . . . . 2 . . . . . . Load Schematic 1 | . . . . . . 1 . . . . . . Build 1 | . . . . . . 1 . . . . . . Repair Station Hacks . | . . . . . . . . . . . . . Recycling Unit Hacks 1 | . . . 1 . . . . . . . . . Report Inventory 1 | . . . 1 . . . . . . . . . Scanalyzer 17 | . . . 3 . . 14 . . . . . . Insert Component 9 | . . . 2 . . 7 . . . . . . Analyze 8 | . . . 1 . . 7 . . . . . . Garrison Access Hacks . | . . . . . . . . . . . . . Unauthorized Hacks . | . . . . . . . . . . . . . Terminals . | . . . . . . . . . . . . . Fabricators . | . . . . . . . . . . . . . Repair Stations . | . . . . . . . . . . . . . Recycling Units . | . . . . . . . . . . . . . Scanalyzers . | . . . . . . . . . . . . . Garrison Access . | . . . . . . . . . . . . . Data Cores Recovered 1 | . . . . . 1 . . . . . . . Used . | . . . . . . . . . . . . . Hacking Detections 12 | . 2 . 2 1 2 4 . . . 1 . . Full Trace Events 3 | . 1 . 2 . . . . . . . . . Feedback Events 1 | . . . 1 . . . . . . . . . Corruption 1 | . . . 1 . . . . . . . . . Feedback Blocked . | . . . . . . . . . . . . . Robot Schematics Acquired 1 | . . . . . . 1 . . . . . . Robots Built 1 | . . . . . . 1 . . . . . . Matter 153 | . . . . . . 153 . . . . . . Time 81 | . . . . . . 81 . . . . . . Total Robot Build Rating 1 | . . . . . . 1 . . . . . . Part Schematics Acquired 9 | . . . 1 . 1 7 . . . . . . Parts Built . | . . . . . . . . . . . . . Matter . | . . . . . . . . . . . . . Time . | . . . . . . . . . . . . . Total Part Build Rating . | . . . . . . . . . . . . . Parts Repaired . | . . . . . . . . . . . . . Time . | . . . . . . . . . . . . . Parts Recycled . | . . . . . . . . . . . . . Recycled Matter . | . . . . . . . . . . . . . Retrieved Matter . | . . . . . . . . . . . . . Retrieved Components . | . . . . . . . . . . . . . Parts Scanalyzed 7 | . . . 1 . . 6 . . . . . . Part Schematics Acquired 7 | . . . 1 . . 6 . . . . . . Parts Damaged 2 | . . . 1 . . 1 . . . . . . Bothacking | -11 -10 -10 -9 -8 -7 -6 -6 -6 -6 -6 -6 -6 ------------ Run | Scr Mat Min Mat Mat Fac Fac Was Fac Ext Cet Arc Hub Used RIF Installer . | . . . . . . . . . . . . . Robots Hacked . | . . . . . . . . . . . . . Non-combat . | . . . . . . . . . . . . . Combat . | . . . . . . . . . . . . . Robot Hacks Applied . | . . . . . . . . . . . . . Relay Couplers Released . | . . . . . . . . . . . . . Robots Rewired . | . . . . . . . . . . . . . Allies Hacked . | . . . . . . . . . . . . . Hacks Repelled . | . . . . . . . . . . . . . Allies | -11 -10 -10 -9 -8 -7 -6 -6 -6 -6 -6 -6 -6 -------- Run | Scr Mat Min Mat Mat Fac Fac Was Fac Ext Cet Arc Hub Total Allies 23 | . . . . . . 1 20 . 2 . . . Largest Group 21 | . . . . . . 1 21 10 7 3 . . Highest-Rated Group 779 | . . . . . . 11 779 316 241 93 . . Highest-Rated Ally 50 | . . . . . . 11 50 50 50 31 . . Total Orders 4 | . . . . . . 3 1 . . . . . FOLLOW 1 | . . . . . . 1 . . . . . . PICKUP 1 | . . . . . . 1 . . . . . . COLLECT 2 | . . . . . . 1 1 . . . . . Ally Attacks 107 | . . . . . . . . 23 62 22 . . Total Damage 4053 | . . . . . . . . 293 3402 358 . . Kills 23 | . . . . . . . . 2 20 1 . . Allies Corrupted . | . . . . . . . . . . . . . Allies Melted 1 | . . . . . . . . . 1 . . . Intel | -11 -10 -10 -9 -8 -7 -6 -6 -6 -6 -6 -6 -6 ------- Run | Scr Mat Min Mat Mat Fac Fac Was Fac Ext Cet Arc Hub Robot Analysis Total 1 | . 1 . . . . . . . . . . . Derelict Logs Recovered . | . . . . . . . . . . . . . Drone Launches . | . . . . . . . . . . . . . Drone Recoveries . | . . . . . . . . . . . . . Exploration | -11 -10 -10 -9 -8 -7 -6 -6 -6 -6 -6 -6 -6 ------------- Run | Scr Mat Min Mat Mat Fac Fac Was Fac Ext Cet Arc Hub Turns Passed 4625 | 53 180 158 365 663 370 840 330 125 738 361 389 53 Spaces Moved 2767 | 38 134 158 224 301 253 541 257 89 436 142 182 12 Core 48 | 5 . . . 43 . . . . . . . . Treads 551 | . . . . . . . . . 215 142 182 12 Legs . | . . . . . . . . . . . . . Wheels 2167 | 33 134 158 224 257 253 541 257 89 221 . . . Hover . | . . . . . . . . . . . . . Flight 1 | . . . . 1 . . . . . . . . Fastest Speed 50 | 50 100 90 90 80 100 90 110 120 120 160 160 160 Average Speed 120 | 93 100 90 95 139 100 105 114 120 141 160 160 160 Slowest Speed 400 | 100 100 100 100 400 110 120 120 120 200 160 160 160 Overloaded Moves . | . . . . . . . . . . . . . Propulsion Burnouts . | . . . . . . . . . . . . . Robots Hopped . | . . . . . . . . . . . . . Cave-ins Triggered 1 | . . . . . . . . . 1 . . . Exploration Rate (%) 34 | 3 20 32 26 29 7 21 89 3 57 61 98 3 Regions Visited 12 Branch Regions 5 Pre-discovered Areas . | . . . . . . . . . . . . . Known Exits Taken . | . . . . . . . . . . . . . Unknown Exits Taken 10 | 1 1 1 1 1 1 . . 1 1 1 1 . Scrap Searched 2 | . . 2 . . . . . . . . . . Spaces Dug . | . . . . . . . . . . . . . Terrain Destroyed 81 | . . . 16 29 . 8 . . 12 7 8 1 Melee . | . . . . . . . . . . . . . Projectile 36 | . . . . . . 8 . . 12 7 8 1 AOE 45 | . . . 16 29 . . . . . . . . Actions | -11 -10 -10 -9 -8 -7 -6 -6 -6 -6 -6 -6 -6 --------- Run | Scr Mat Min Mat Mat Fac Fac Was Fac Ext Cet Arc Hub Total 3432 | 55 159 163 282 437 315 660 294 103 494 195 247 28 Wait 108 | 4 . . . 11 21 7 17 11 5 2 30 . Move 2756 | 37 133 157 223 300 252 541 256 88 435 141 181 12 Hop . | . . . . . . . . . . . . . Pick Up 96 | 8 7 1 5 21 9 14 6 . 9 6 9 1 Fast Attach 12 | . . . . 5 . 3 4 . . . . . Attach 74 | 5 2 . 4 20 4 9 . 1 9 8 10 2 Detach 3 | . . . . 1 . . . . . . 1 1 Swap 33 | 1 4 1 1 7 3 6 3 . 4 2 1 . Drop 38 | . 3 . 2 7 2 12 8 1 3 . . . Fire 311 | . 10 4 47 65 24 67 . 2 29 36 15 12 Melee . | . . . . . . . . . . . . . Ram 1 | . . . . . . 1 . . . . . . Kick . | . . . . . . . . . . . . . Crush . | . . . . . . . . . . . . . Escape Stasis . | . . . . . . . . . . . . . Rewire . | . . . . . . . . . . . . . Trap . | . . . . . . . . . . . . . Miscellaneous . | . . . . . . . . . . . . . Route ------- -11/Scrapyard -10/Materials -10/Mines -9/Materials (discovered 3 exits: *Mat / *Min x2) -8/Materials -7/Factory (discovered 2 exits: *Fac / [*Low]) -6/Factory -6/Waste -6/Factory -6/Extension (discovered 2 exits: [*Fac] / *Cet) -6/Cetus -6/Archives (discovered 3 exits: [*Fac] / [*Hub x2]) -6/Hub_04(d) History --------- Turn | Location | Event 27 | -11/Scrapyard | Discovered new exit (range 15) 54 | -11/Scrapyard | Entered Materials 199 | -10/Materials | Discovered new exit (range 6) 234 | -10/Materials | Entered Mines 277 | -10/Mines | Met a Derelict bent on vengeance 318 | -10/Mines | Build established: Mutant 385 | -10/Mines | Discovered new exit (range 7) 392 | -10/Mines | Entered Materials 392 | -9/Materials | Evolved 2 slots: Power x1, Utility x1 519 | -9/Materials | Discovered new exit (range 10) 688 | -9/Materials | Identified exit to Mines 698 | -9/Materials | Discovered new exit (range 10) 757 | -9/Materials | Entered another Materials area 757 | -8/Materials | Evolved 2 slots: Utility x1, Weapon x1 889 | -8/Materials | Lost 9 parts (1p2n1u5w) 987 | -8/Materials | Lost 6 parts (2n4w) 1305 | -8/Materials | Discovered new exit (range 6) 1420 | -8/Materials | Entered Factory 1420 | -7/Factory | Evolved 2 slots: Propulsion x1, Utility x1 1477 | -7/Factory | Discovered new exit (range 10) 1740 | -7/Factory | Discovered new exit (range 14) 1790 | -7/Factory | Entered another Factory area 1790 | -6/Factory | Evolved 2 slots: Power x1, Utility x1 1897 | -6/Factory | Build established: Scavenger-Gunner 2487 | -6/Factory | Fabricated A-02 Transporter (x1) 2630 | -6/Factory | Sucked down chute 2630 | -6/Factory | Entered Waste 2631 | -6/Waste | Joined by Warlord forces that had cleared the area 2650 | -6/Waste | 1 allies followed down the chute 2747 | -6/Waste | Discovered new exit (range 13) 2960 | -6/Waste | Entered Factory 2960 | -6/Factory | Accompanied by 10 allies 3072 | -6/Factory | Discovered new exit (range 12) 3085 | -6/Factory | Entered Extension 3085 | -6/Extension | Accompanied by 7 allies 3150 | -6/Extension | Warlord forces began an assault 3188 | -6/Extension | Spotted B-75 Beast 3190 | -6/Extension | Allies destroyed B-75 Beast 3211 | -6/Extension | Allies destroyed B-75 Beast 3378 | -6/Extension | Crushed by falling debris 3378 | -6/Extension | System corruption reached 10% 3405 | -6/Extension | Rescued a captive Derelict 3406 | -6/Extension | Rescued a captive Derelict 3409 | -6/Extension | Lost 4 parts (1p1n2u) 3762 | -6/Extension | Build established: Generator-Tank 3793 | -6/Extension | Discovered new exit (range 16) 3795 | -6/Extension | Discovered new exit (range 15) 3823 | -6/Extension | Entered Cetus 3823 | -6/Cetus | Accompanied by 3 allies 3845 | -6/Cetus | Spotted Cetus Guard 3845 | -6/Cetus | Spotted Cetus Guard 3853 | -6/Cetus | Allies destroyed Cetus Guard 3854 | -6/Cetus | Spotted Cetus Guard 3857 | -6/Cetus | Spotted Cetus Guard 3860 | -6/Cetus | Destroyed Cetus Guard 3905 | -6/Cetus | Destroyed Cetus Guard 3912 | -6/Cetus | Destroyed Cetus Guard 3926 | -6/Cetus | Lost 7 parts (4p1u2w) 4081 | -6/Cetus | Lost 3 parts (3u) 4094 | -6/Cetus | Discovered new exit (range 16) 4137 | -6/Cetus | Spotted Cetus Guard 4138 | -6/Cetus | Spotted Cetus Guard 4142 | -6/Cetus | Spotted Cetus Guard 4163 | -6/Cetus | Core integrity fell below 50% 4184 | -6/Cetus | Entered Archives 4192 | -6/Archives | Lost 5 parts (2p1n1u1w) 4332 | -6/Archives | Discovered new exit (range 15) 4342 | -6/Archives | Lost 4 parts (2n1u1w) 4358 | -6/Archives | Discovered new exit (range 14) 4380 | -6/Archives | Discovered new exit (range 15) 4409 | -6/Archives | Unable to access archive contents 4434 | -6/Archives | Unable to access archive contents 4490 | -6/Archives | Unable to access archive contents 4573 | -6/Archives | Entered Hub_04(d) 4612 | -6/Hub_04(d) | Core integrity fell below 20% 4627 | -6/Hub_04(d) | Core destroyed Last Messages --------------- 04615_ Imp. KE Penetrator permanently disabled. 04616_ Overheating: System interference. 04616_ Wave Gun temporarily disabled. 04617_ Overheating: Short circuit. 04617_ Centrium Heavy Treads permanently disabled. 04618_ Slug penetrates G-50 Soldier. 04620_ Power failure, Mic. Fission Core shutdown. 04620_ Overheating: Integration Mediator damaged (-9). 04620_ Slug penetrates G-50 Soldier. 04622_ Power failure, Mic. Fission Core shutdown. 04622_ Overheating: Imp. KE Penetrator damaged (-103). 04622_ Overheating: KE Penetrator damaged (-41). 04622_ Overheating: Integration Mediator damaged (-4). 04622_ Slug penetrates G-50 Soldier. 04622_ Destroyed Hvy. Laser. 04623_ Overheating: System interference. 04623_ KE Penetrator temporarily disabled. 04625_ Overheating: Matter decay (-47). 04626_ Power failure, Mic. Fission Core shutdown. 04627_ Overheating: Core damaged (-170). Map ----- +----------------------------------------------------+ | ????????????????????????????????????????????????? | | ????????????????????????????????????????????????? | | ????????????????????????????????????????????????? | | ????????????????????????????????????????????????? | | ????????????????????????????????????????????????? | | ????????????????????????????????????????????????? | | ????????????????????????????????????????????????? | | ????????????????????????????????????????????????? | | ????????????????????????????????????????????????? | | ????????????????????????????????????????????????? | | ????????????????????????????????????????????????? | | ????????????????????????????????????????????????? | | ????????????????????????????????????????????????? | | ????????????????????????????????????????????????? | | ?????????????k ?????????????????????????????????? | | ????????????? ????????????????????????????????? | | ?????????????? ???????????????????????????????? | | ??????????????? ??????????????????????????????? | | ???????????????? ???????######????????????????? | | ????????????????? #####+## #????????????????? | | ?????????????????? ;^^ ^ !#????????????????? | | ???????????????????# #????????????????? | | ???????????????????# """" #????????????????? | | ???????????????????#^g """" #????????????????? | | ??????????????????## """ #????????????????? | | ???????????????#### @""" #????????????????? | | ?????????? !% #????????????????? | | ?????????# %[ o g #????????????????? | | ?????????? ##### ! = #????????????????? | | ??????????????????########## #####+#####??????? | | ???????????????????????????# ???? | | ???????????????????????????# ???? | | ???????????????????????????# ???? | | ???????????????????????????######## ######????? | | ???????????????????????????????????? #?????????? | | ????????????????????????????????????? #?????????? | | ??????????????????????????????????????#?????????? | | ????????????????????????????????????????????????? | | ????????????????????????????????????????????????? | | ????????????????????????????????????????????????? | | ????????????????????????????????????????????????? | | ????????????????????????????????????????????????? | | ????????????????????????????????????????????????? | | ????????????????????????????????????????????????? | | ????????????????????????????????????????????????? | | ????????????????????????????????????????????????? | | ????????????????????????????????????????????????? | | ????????????????????????????????????????????????? | | ????????????????????????????????????????????????? | | ????????????????????????????????????????????????? | +----------------------------------------------------+ Best States ------------- Heat Dissipation 83 Energy Generation 53 Energy Capacity 775 Matter Stores 550 Matter Capacity 550 Sight Range 16 Terrain Scan Density 10 ECM Strength 1 Power Amplification 20 Armor Coverage 450 Resistance: KI 40 Resistance: TH 20 Resistance: EX 20 Resistance: EM 20 Resistance: I 20 Resistance: S 20 Resistance: P 20 Weapon Shielding 33 Phase Shifting 5 Evasion (%) 45 Targeting Accuracy 8 Recoil Reduction 3 Defensive Hacking 10 Item Schematics ----------------- Heat Sink | -9/Materials | Scanalyzed System Backup Module | -7/Factory | Hacked Imp. Heat Sink | -6/Factory | Scanalyzed Wheel | -6/Factory | Scanalyzed Beam Rifle | -6/Factory | Scanalyzed Hvy. Assault Rifle | -6/Factory | Scanalyzed Imp. Ion Engine | -6/Factory | Scanalyzed Particle Gun | -6/Factory | Scanalyzed Hvy. Treads | -6/Factory | Hacked Robot Schematics ------------------ A-02 Transporter | -6/Factory | Hacked Fabricated ------------ A-02 Transporter | x1 | -6/Factory Alien Tech Used ----------------- None Achievements -------------- The More The Merrier We Are Legion Challenges ------------ None Game ------ Seed SurveybotMasterTorch Manual? 0 Play Time 01:19:56 Cumulative 73.9 hours Start 2019.10.24 @ 20:05:52 End 2019.10.24 @ 21:27:51 Sessions 1 Manual Loads 0 Difficulty Adventurer Special Mode None Game No. 38 Rogue 22 Adventurer 8 Explorer 0 Win Type - Total 0 Types 0/0/0/0/0/0/0 Lore% 14 Gallery% 26 Achievement% 17 Wizard Run 0 Options --------- ASCII 0 Keyboard 0 Movement Mouse Keybinds 0 Fullscreen 2 Font 18/SmallcapsGlow Map View 76x50 Tactical HUD 1 Map Filters NONE Filters NONE Steam 1 RUN: 647350cc-1bd0-4ee9-95b9-61736d752133